[Event "FIDE Women World Rapid 2024"]
[Site "New York"]
[Date "2024.12.27"]
[Round "5.10"]
[White "Bulmaga, Irina"]
[Black "Khamdamova, Afruza"]
[Result "0-1"]
[ECO "C77"]
[WhiteElo "2386"]
[BlackElo "2354"]
[Annotator "ChessBase"]
[PlyCount "96"]
[EventDate "2024.12.14"]
[EventType "swiss"]
[EventCountry "USA"]
[SourceTitle "playchess.com"]
[Source "ChessBase"]
[SourceQuality "1"]
[TimeControl "900+10"]

1. e4 e5 2. Nf3 Nc6 3. Bb5 a6 4. Ba4 Nf6 5. Nc3 b5 6. Bb3 Bc5 7. d3 d6 8. Nd5 h6 9. Nxf6+ Qxf6 10. Bd5 Bd7 11. Be3 O-O 12. Bxc5 dxc5 13. Bxc6 Bxc6 14. Qe2 a5 15. O-O a4 16. Qe3 Qe7 17. Nd2 Rae8 18. b3 a3 19. Rae1 Qd6 20. h3 Bd7 21. f4 f5 22. fxe5 Qxe5 23. Nf3 Qc3 24. Qd2 Qxd2 25. Nxd2 fxe4 26. Rxf8+ Kxf8 27. Rxe4 Rxe4 28. dxe4 c4 29. bxc4 Be6 30. Kf2 b4 31. Ke3 c5 32. Kd3 Ke7 33. Nb3 Kd6 34. e5+ Kxe5 35. Nxc5 Bf5+ 36. Kd2 Kd4 37. Nb3+ Kxc4 38. h4 h5 39. Na5+ Kd4 40. Nb3+ Kd5 41. c3 Kc4 42. Na5+ Kb5 43. Nb3 Bb1 44. Nc1 Bxa2 45. cxb4 Bd5 46. Kc2 Kxb4 47. g3 Be4+ 48. Kd2 Bb1 0-1

[Event "FIDE Women World Rapid 2024"]
[Site "New York"]
[Date "2024.12.27"]
[Round "5.10"]
[White "Mkrtchyan, Mariam"]
[Black "Khotenashvili, Bella"]
[Result "1/2-1/2"]
[ECO "B06"]
[WhiteElo "2325"]
[BlackElo "2420"]
[Annotator "ChessBase"]
[PlyCount "165"]
[EventDate "2024.12.14"]
[EventType "swiss"]
[EventCountry "USA"]
[SourceTitle "playchess.com"]
[Source "ChessBase"]
[SourceQuality "1"]
[TimeControl "900+10"]

1. d4 g6 2. e4 Bg7 3. Nf3 c6 4. h3 d5 5. e5 Nh6 6. Bd3 O-O 7. O-O Na6 8. c3 Nc7 9. Nbd2 f6 10. Re1 Nf7 11. exf6 exf6 12. b3 Ne6 13. Nf1 Qc7 14. c4 Nf4 15. Bxf4 Qxf4 16. cxd5 cxd5 17. Rc1 Bd7 18. Ne3 Qd6 19. Rc5 Be6 20. Qc2 f5 21. Rc7 Rac8 22. Rxc8 Rxc8 23. Qd2 Qb6 24. Nc2 Re8 25. Qb4 Qxb4 26. Nxb4 Nd6 27. Ng5 Bf7 28. Rxe8+ Bxe8 29. Nxd5 Bxd4 30. Ne6 Be5 31. Nc5 b6 32. Na6 Kf7 33. Kf1 Bc6 34. Ne3 f4 35. Nc4 Nxc4 36. Bxc4+ Kf6 37. Nb4 Bb7 38. Bd5 Bc8 39. Nc6 Ba6+ 40. Bc4 Bxc4+ 41. bxc4 a5 42. c5 bxc5 43. Nxa5 Ke6 44. Ke2 Kd5 45. Kd3 f3 46. gxf3 Bd4 47. Nc4 Bxf2 48. a4 Bg3 49. Ne3+ Ke5 50. a5 Kd6 51. Kc4 Kc6 52. Nc2 Bc7 53. a6 Bd6 54. Na1 Kb6 55. Nb3 Be7 56. Kd5 Bf8 57. a7 Kxa7 58. Nxc5 Bg7 59. Ke6 Kb6 60. Kf7 Ba1 61. Nd7+ Kc6 62. Nf8 Kd5 63. Nxh7 Ke5 64. Kxg6 Kf4 65. Ng5 Kg3 66. Kh5 Bb2 67. h4 Bc1 68. Ne6 Kxf3 69. Kg6 Kg4 70. h5 Be3 71. Ng7 Bd2 72. Nf5 Bc1 73. Nh6+ Kh4 74. Nf7 Bf4 75. Nd8 Kg4 76. Ne6 Bc1 77. Nc5 Be3 78. Nd3 Kh4 79. Ne5 Bf4 80. Nd3 Be3 81. Ne5 Bf4 82. Nd3 Be3 83. Ne5 1/2-1/2

[Event "FIDE Women World Rapid 2024"]
[Site "New York"]
[Date "2024.12.27"]
[Round "5.11"]
[White "Vaishali, Rameshbabu"]
[Black "Mammadova, Gulnar"]
[Result "1/2-1/2"]
[ECO "C77"]
[WhiteElo "2476"]
[BlackElo "2333"]
[Annotator "ChessBase"]
[PlyCount "75"]
[EventDate "2024.12.14"]
[EventType "swiss"]
[EventCountry "USA"]
[SourceTitle "playchess.com"]
[Source "ChessBase"]
[SourceQuality "1"]
[TimeControl "900+10"]

1. e4 e5 2. Nf3 Nc6 3. Bb5 a6 4. Ba4 Nf6 5. d3 b5 6. Bb3 Bc5 7. Nc3 h6 8. a4 Rb8 9. axb5 axb5 10. Nd5 d6 11. c3 Nxd5 12. exd5 Ne7 13. d4 exd4 14. Nxd4 O-O 15. O-O Qd7 16. Qd3 Bxd4 17. Qxd4 c5 18. dxc6 Qxc6 19. Bf4 Bb7 20. f3 Rbd8 21. Bc2 d5 22. Be5 f6 23. Bf4 Bc8 24. Ra7 Nf5 25. Qf2 Qc4 26. Bxf5 Qxf4 27. Bxc8 Rxc8 28. Rd1 b4 29. cxb4 Qxb4 30. Rd7 Rfd8 31. Rxd8+ Rxd8 32. Rd4 Qc5 33. h4 Rb8 34. Qd2 Rb3 35. Kh1 Qb5 36. Rxd5 Rxb2 37. Rd8+ Kh7 38. Qd3+ 1/2-1/2

[Event "FIDE Women World Rapid 2024"]
[Site "New York"]
[Date "2024.12.27"]
[Round "5.11"]
[White "Lu, Miaoyi"]
[Black "Beydullayeva, Govhar"]
[Result "0-1"]
[ECO "B90"]
[WhiteElo "2441"]
[BlackElo "2404"]
[Annotator "ChessBase"]
[PlyCount "50"]
[EventDate "2024.12.14"]
[EventType "swiss"]
[EventCountry "USA"]
[SourceTitle "playchess.com"]
[Source "ChessBase"]
[SourceQuality "1"]
[TimeControl "900+10"]

1. e4 c5 2. Nf3 d6 3. d4 cxd4 4. Nxd4 Nf6 5. Nc3 a6 6. Be3 e5 7. Nb3 Be6 8. f3 h5 9. Nd5 Bxd5 10. exd5 Nbd7 11. Qd2 g6 12. O-O-O Bg7 13. Kb1 Qc7 14. Rg1 O-O 15. Qf2 b5 16. g4 Rfb8 17. g5 Ne8 18. Nd2 Nb6 19. Ne4 Nc4 20. Bxc4 bxc4 21. c3 Rb5 22. Rd2 Qa5 23. Rgd1 Qa4 24. f4 Rab8 25. Ka1 Rxb2 0-1

[Event "FIDE Women World Rapid 2024"]
[Site "New York"]
[Date "2024.12.27"]
[Round "5.12"]
[White "Lei, Tingjie"]
[Black "Abrahamyan, Tatev"]
[Result "1-0"]
[ECO "C11"]
[WhiteElo "2549"]
[BlackElo "2304"]
[Annotator "ChessBase"]
[PlyCount "71"]
[EventDate "2024.12.14"]
[EventType "swiss"]
[EventCountry "USA"]
[SourceTitle "playchess.com"]
[Source "ChessBase"]
[SourceQuality "1"]
[TimeControl "900+10"]

1. e4 e6 2. d4 d5 3. Nc3 Nf6 4. e5 Nfd7 5. f4 c5 6. Nf3 Nc6 7. Ne2 Be7 8. c3 Qa5 9. Be3 cxd4 10. Nexd4 a6 11. Be2 Qc7 12. O-O Nc5 13. Rc1 O-O 14. Kh1 b5 15. g4 f6 16. exf6 Rxf6 17. Nxc6 Qxc6 18. Ne5 Qc7 19. Bd4 Bd6 20. g5 Rxf4 21. Rxf4 Bxe5 22. Bxe5 Qxe5 23. Qd4 Qd6 24. Rcf1 Bb7 25. b4 Nd7 26. Rf7 e5 27. Qg4 Bc6 28. Kg1 d4 29. Bf3 e4 30. Bxe4 Ne5 31. Qf4 Bxe4 32. Qxe4 Rd8 33. R7f5 Nc6 34. Rc5 Ne7 35. Re5 Ng6 36. Re8+ 1-0

[Event "FIDE Women World Rapid 2024"]
[Site "New York"]
[Date "2024.12.27"]
[Round "5.12"]
[White "Jarocka, Liwia"]
[Black "Pourkashiyan, Atousa"]
[Result "1-0"]
[ECO "D37"]
[WhiteElo "2261"]
[BlackElo "2255"]
[Annotator "ChessBase"]
[PlyCount "109"]
[EventDate "2024.12.14"]
[EventType "swiss"]
[EventCountry "USA"]
[SourceTitle "playchess.com"]
[Source "ChessBase"]
[SourceQuality "1"]
[TimeControl "900+10"]

1. d4 d5 2. c4 e6 3. Nc3 a6 4. cxd5 exd5 5. Nf3 Nf6 6. Bg5 Be7 7. e3 O-O 8. Bd3 c6 9. h3 Nbd7 10. O-O Re8 11. Bf4 Nf8 12. Ne5 N6d7 13. Rb1 Nxe5 14. Bxe5 c5 15. Qf3 f6 16. Bg3 cxd4 17. Qxd5+ Be6 18. Qxd4 Qxd4 19. exd4 Rad8 20. Rfd1 Bd6 21. Bxd6 Rxd6 22. d5 Bf7 23. Re1 Rxe1+ 24. Rxe1 Nd7 25. Bf5 Ne5 26. f4 Nc4 27. Re7 b5 28. b3 Nb6 29. Be6 Bxe6 30. dxe6 g6 31. Ne4 Rd1+ 32. Kh2 Nd5 33. Rd7 Kf8 34. Nxf6 Nxf6 35. Rxd1 Ke7 36. Re1 Nd5 37. g3 Nb4 38. Re2 Nd5 39. Kg1 Nc7 40. Rc2 Nxe6 41. Rc6 a5 42. Ra6 Nd4 43. Rxa5 h5 44. Kf2 Ke6 45. g4 hxg4 46. hxg4 Kd5 47. a4 Kc5 48. axb5 Ne6 49. Kg3 Nc7 50. Ra6 Nxb5 51. Rxg6 Nd4 52. Rg8 Nxb3 53. g5 Kd6 54. Re8 Kd7 55. Re5 1-0

[Event "FIDE Women World Rapid 2024"]
[Site "New York"]
[Date "2024.12.27"]
[Round "5.13"]
[White "Zhu, Jiner"]
[Black "Wagner, Dinara"]
[Result "1/2-1/2"]
[ECO "C78"]
[WhiteElo "2514"]
[BlackElo "2437"]
[Annotator "ChessBase"]
[PlyCount "138"]
[EventDate "2024.12.14"]
[EventType "swiss"]
[EventCountry "USA"]
[SourceTitle "playchess.com"]
[Source "ChessBase"]
[SourceQuality "1"]
[TimeControl "900+10"]

1. e4 e5 2. Nf3 Nc6 3. Bb5 a6 4. Ba4 Nf6 5. d3 Bc5 6. c3 d6 7. O-O O-O 8. Bg5 h6 9. Bh4 g5 10. Bg3 Ba7 11. Nbd2 Ne7 12. d4 Nh5 13. Re1 Nxg3 14. hxg3 Ng6 15. Nf1 g4 16. N3h2 h5 17. Qd2 Qf6 18. Rad1 Kg7 19. Ne3 c6 20. Bc2 Re8 21. Rf1 exd4 22. cxd4 c5 23. Nd5 Qxd4 24. Nc7 Be6 25. Qxd4+ cxd4 26. Bb3 Bxb3 27. axb3 Rac8 28. Nxe8+ Rxe8 29. Rfe1 Re5 30. f4 Rb5 31. Rd3 Ne7 32. Nf1 Nc6 33. Kh2 a5 34. Rc1 Bc5 35. Rc4 Bb6 36. Kg1 Nb4 37. Rd1 Na6 38. Nd2 Nc5 39. Kf2 Nxb3 40. Ke1 Nc5 41. Rxd4 Rxb2 42. Rxd6 Rb4 43. e5 a4 44. Rb1 Ba5 45. Kd1 a3 46. Ra1 Ra4 47. Ra2 b5 48. Rd5 Bxd2 49. Rxc5 b4 50. Kxd2 b3 51. Rcc2 bxa2 52. Rxa2 Kg6 53. Kc3 Kf5 54. Kb3 Ra7 55. Rxa3 Rxa3+ 56. Kxa3 h4 57. gxh4 Kxf4 58. g3+ Kxe5 59. Kb3 f5 60. Kc2 f4 61. gxf4+ Kxf4 62. Kd2 g3 63. Ke2 Kg4 64. Kf1 Kh3 65. Kg1 Kxh4 66. Kg2 Kg4 67. Kg1 Kf3 68. Kf1 g2+ 69. Kg1 Kg3 1/2-1/2

[Event "FIDE Women World Rapid 2024"]
[Site "New York"]
[Date "2024.12.27"]
[Round "5.13"]
[White "Kaldarova, Ayaulym"]
[Black "Padmini, Rout"]
[Result "0-1"]
[ECO "A34"]
[WhiteElo "2144"]
[BlackElo "2339"]
[Annotator "ChessBase"]
[PlyCount "123"]
[EventDate "2024.12.14"]
[EventType "swiss"]
[EventCountry "USA"]
[SourceTitle "playchess.com"]
[Source "ChessBase"]
[SourceQuality "1"]
[TimeControl "900+10"]

1. Nf3 c5 2. c4 Nc6 3. Nc3 e5 4. e3 Nf6 5. d4 e4 6. d5 exf3 7. dxc6 dxc6 8. Qxd8+ Kxd8 9. gxf3 g6 10. e4 Nh5 11. Be3 Bd6 12. O-O-O Kc7 13. h4 b6 14. Bd3 Nf4 15. Bc2 Be5 16. Bxf4 Bxf4+ 17. Kb1 Be6 18. b3 Rhd8 19. Ne2 Bd2 20. h5 g5 21. h6 f6 22. e5 fxe5 23. Bxh7 g4 24. Be4 gxf3 25. Ng3 Bg5 26. h7 Rxd1+ 27. Rxd1 Bf6 28. Bxf3 e4 29. Bxe4 Rf8 30. Nh5 Bh8 31. f3 Bf5 32. Ng3 Bxe4+ 33. fxe4 Rf2 34. Rf1 Rh2 35. Rf7+ Kd6 36. Nf5+ Ke5 37. Re7+ Kf4 38. Nd6 Ke3 39. e5 Kd4 40. Rd7 Bxe5 41. Nb5+ Ke4 42. Nxa7 Bd4 43. Nxc6 Kd3 44. Nxd4 cxd4 45. h8=Q Rxh8 46. Kb2 Rh2+ 47. Ka3 Kc3 48. Rd6 d3 49. Rxb6 d2 50. Rd6 Rh1 51. Rxd2 Kxd2 52. Kb4 Kd3 53. a4 Rh8 54. Kc5 Rc8+ 55. Kb5 Rb8+ 56. Kc5 Rxb3 57. a5 Ra3 58. Kb5 Kd4 59. a6 Ke5 60. c5 Ke6 61. Kb6 Kd7 62. Kb7 0-1

[Event "FIDE Women World Rapid 2024"]
[Site "New York"]
[Date "2024.12.27"]
[Round "5.14"]
[White "Koneru, Humpy"]
[Black "Yu, Jennifer"]
[Result "1-0"]
[ECO "A53"]
[WhiteElo "2523"]
[BlackElo "2283"]
[Annotator "ChessBase"]
[PlyCount "91"]
[EventDate "2024.12.14"]
[EventType "swiss"]
[EventCountry "USA"]
[SourceTitle "playchess.com"]
[Source "ChessBase"]
[SourceQuality "1"]
[TimeControl "900+10"]

1. d4 Nf6 2. c4 d6 3. Nc3 Nbd7 4. e4 e5 5. d5 Be7 6. Bd3 Nc5 7. Bc2 a5 8. Nge2 O-O 9. Ng3 Ne8 10. h4 g6 11. Bh6 Ng7 12. h5 Bg5 13. Bxg5 Qxg5 14. Qd2 Qxd2+ 15. Kxd2 g5 16. h6 Ne8 17. b3 b6 18. a3 Kh8 19. Rab1 Nf6 20. Nb5 Na6 21. b4 Ng8 22. f3 Ne7 23. Nf1 f5 24. Rh5 fxe4 25. Bxe4 Bf5 26. Ng3 Bxe4 27. Nxe4 g4 28. fxg4 Rf4 29. Nbc3 Rxg4 30. g3 Rf8 31. bxa5 bxa5 32. Rb7 Ng6 33. Rh2 Rb8 34. Rxb8+ Nxb8 35. Ke3 Ne7 36. Rf2 Nd7 37. Rf7 Nb6 38. Rxe7 Nxc4+ 39. Kf3 Rg6 40. a4 Rxh6 41. Rxc7 Nb2 42. Rc6 Rh1 43. Nxd6 Rf1+ 44. Ke2 Rc1 45. Kd2 Rg1 46. Nf5 1-0

[Event "FIDE Women World Rapid 2024"]
[Site "New York"]
[Date "2024.12.27"]
[Round "5.14"]
[White "Balabayeva, Xeniya"]
[Black "Kaliakhmet, Elnaz"]
[Result "0-1"]
[ECO "D02"]
[WhiteElo "2315"]
[BlackElo "2113"]
[Annotator "ChessBase"]
[PlyCount "60"]
[EventDate "2024.12.14"]
[EventType "swiss"]
[EventCountry "USA"]
[SourceTitle "playchess.com"]
[Source "ChessBase"]
[SourceQuality "1"]
[TimeControl "900+10"]

1. d4 d5 2. Nf3 e6 3. Bf4 c5 4. e3 Nf6 5. c3 Bd6 6. Bd3 Bxf4 7. exf4 cxd4 8. cxd4 Qb6 9. Qd2 Nc6 10. Nc3 O-O 11. Rd1 Bd7 12. O-O Rac8 13. Rfe1 a6 14. Bb1 Na5 15. Ne5 Rfd8 16. b3 Qb4 17. Re3 Rc7 18. Qb2 Rdc8 19. Ne2 Nc4 20. Nxc4 dxc4 21. a3 Qb6 22. b4 Ba4 23. Rc1 Qd6 24. Nc3 Be8 25. Ne2 Nd5 26. Rh3 g6 27. Qd2 c3 28. Nxc3 Qxf4 29. Qe1 Nxc3 30. Rhxc3 Qxc1 0-1

[Event "FIDE Women World Rapid 2024"]
[Site "New York"]
[Date "2024.12.27"]
[Round "5.15"]
[White "Tokhirjonova, Gulrukhbegim"]
[Black "Muzychuk, Mariya"]
[Result "1/2-1/2"]
[ECO "D00"]
[WhiteElo "2385"]
[BlackElo "2490"]
[Annotator "ChessBase"]
[PlyCount "103"]
[EventDate "2024.12.14"]
[EventType "swiss"]
[EventCountry "USA"]
[SourceTitle "playchess.com"]
[Source "ChessBase"]
[SourceQuality "1"]
[TimeControl "900+10"]

1. d4 d5 2. Nc3 Nf6 3. Bf4 e6 4. e3 Bb4 5. h4 c5 6. Nge2 cxd4 7. exd4 Bd7 8. a3 Be7 9. h5 h6 10. Qd3 Nc6 11. Qg3 Qb6 12. O-O-O O-O-O 13. Na4 Qa5 14. Nec3 Ne4 15. Nxe4 dxe4 16. Nc5 Bxc5 17. dxc5 Qxc5 18. Be3 Qe5 19. Qxe5 Nxe5 20. Bxa7 Bc6 21. Be2 Rd5 22. Bb6 f5 23. c4 Nd3+ 24. Bxd3 Rxd3 25. Rxd3 exd3 26. Kd2 Bxg2 27. Rg1 Bf3 28. Rxg7 Bxh5 29. Kxd3 Bf3 30. Ke3 Bc6 31. b4 h5 32. Rc7+ Kb8 33. b5 Be4 34. f3 h4 35. Rg7 Bc2 36. Bc7+ Ka7 37. Be5 h3 38. Bh2 e5 39. c5 f4+ 40. Kd2 Ba4 41. c6 Bxb5 42. Rxb7+ Ka6 43. Bg1 Bxc6 44. Rb6+ Ka5 45. Rxc6 h2 46. Bxh2 Rxh2+ 47. Kd3 Rf2 48. Rc5+ Kb6 49. Rxe5 Rxf3+ 50. Ke4 Rxa3 51. Kxf4 Ra4+ 52. Re4 1/2-1/2

[Event "FIDE Women World Rapid 2024"]
[Site "New York"]
[Date "2024.12.27"]
[Round "5.15"]
[White "Lesbekova, Assel"]
[Black "Zhukova, Natalia"]
[Result "1-0"]
[ECO "D02"]
[WhiteElo "1952"]
[BlackElo "2302"]
[Annotator "ChessBase"]
[PlyCount "78"]
[EventDate "2024.12.14"]
[EventType "swiss"]
[EventCountry "USA"]
[SourceTitle "playchess.com"]
[Source "ChessBase"]
[SourceQuality "1"]
[TimeControl "900+10"]

1. d4 d5 2. Bf4 Nf6 3. e3 e6 4. Nd2 c5 5. c3 Nc6 6. Ngf3 Be7 7. Bd3 Nh5 8. Be5 f6 9. Bg3 O-O 10. Ng5 fxg5 11. Qxh5 h6 12. Qg6 Bf6 13. Qh7+ Kf7 14. Qg6+ Ke7 15. h4 Qe8 16. dxc5 e5 17. Qxe8+ Rxe8 18. hxg5 Bxg5 19. Bb5 Bf6 20. O-O-O Bg4 21. f3 Be6 22. c4 d4 23. Bxc6 bxc6 24. exd4 exd4 25. Ne4 Bxc4 26. Nd6 Bxa2 27. Rde1+ Kd7 28. Rxe8 Rxe8 29. Nxe8 Kxe8 30. Bh4 g5 31. Bf2 Bc4 32. Rxh6 Kf7 33. Rh7+ Ke6 34. b4 a6 35. Kd2 Bf1 36. g3 Bg2 37. Ke2 d3+ 38. Kxd3 Bxf3 39. Bd4 Bxd4 1-0

[Event "FIDE Women World Rapid 2024"]
[Site "New York"]
[Date "2024.12.27"]
[Round "5.16"]
[White "Yip, Carissa"]
[Black "Skripchenko, Almira"]
[Result "1-0"]
[ECO "C41"]
[WhiteElo "2432"]
[BlackElo "2364"]
[Annotator "ChessBase"]
[PlyCount "87"]
[EventDate "2024.12.14"]
[EventType "swiss"]
[EventCountry "USA"]
[SourceTitle "playchess.com"]
[Source "ChessBase"]
[SourceQuality "1"]
[TimeControl "900+10"]

1. e4 d6 2. d4 Nf6 3. Nc3 e5 4. Nf3 Nbd7 5. Rg1 g6 6. g4 Bg7 7. Be3 c6 8. Qd2 O-O 9. g5 Nh5 10. O-O-O Re8 11. a3 Qc7 12. h4 Nf8 13. Kb1 Bd7 14. Nh2 exd4 15. Bxd4 Bxd4 16. Qxd4 d5 17. Nf3 Qf4 18. Bg2 dxe4 19. Nd2 Bg4 20. Ncxe4 Bxd1 21. Rxd1 Rad8 22. Qc3 Qe5 23. Qb3 Re7 24. Bf3 Ng7 25. Rh1 Nfe6 26. Nf6+ Kh8 27. Nde4 Nd4 28. Qd3 Qf4 29. Rd1 Nge6 30. Bg4 Kg7 31. Bxe6 fxe6 32. c3 e5 33. cxd4 Rxd4 34. Qb3 Rf7 35. Rxd4 exd4 36. Qe6 Qf5 37. Qe8 Rf8 38. Qe7+ Rf7 39. Qd8 Rf8 40. Qxd4 Rf7 41. Ng4+ Kf8 42. Qd8+ Kg7 43. Qd4+ Kf8 44. Nh6 1-0

[Event "FIDE Women World Rapid 2024"]
[Site "New York"]
[Date "2024.12.27"]
[Round "5.16"]
[White "Heinemann, Josefine"]
[Black "Paragua, Megan Althea"]
[Result "1/2-1/2"]
[ECO "B22"]
[WhiteElo "2305"]
[BlackElo "2185"]
[Annotator "ChessBase"]
[PlyCount "74"]
[EventDate "2024.12.14"]
[EventType "swiss"]
[EventCountry "USA"]
[SourceTitle "playchess.com"]
[Source "ChessBase"]
[SourceQuality "1"]
[TimeControl "900+10"]

1. e4 c5 2. c3 Nf6 3. e5 Nd5 4. d4 cxd4 5. cxd4 d6 6. Nf3 Nc6 7. Bc4 Nb6 8. Bb5 dxe5 9. Nxe5 Bd7 10. Nxd7 Qxd7 11. Nc3 a6 12. Bxc6 bxc6 13. O-O g6 14. Qb3 Nd5 15. Nxd5 cxd5 16. Bf4 Bg7 17. Rac1 O-O 18. Rc7 Qb5 19. Rxe7 Bxd4 20. Rb7 Qc5 21. Bh6 Bg7 22. Bxg7 Kxg7 23. Rd1 Rae8 24. g3 Re5 25. Qd3 Rfe8 26. Qxa6 Re1+ 27. Rxe1 Rxe1+ 28. Kg2 Qc1 29. Qd3 Rd1 30. Qe2 Rg1+ 31. Kf3 Qg5 32. Qd3 Qh5+ 33. Kf4 Qh6+ 34. Kf3 Qh5+ 35. Kf4 Qh6+ 36. Kf3 Qh5+ 37. Kf4 Qh6+ 1/2-1/2

[Event "FIDE Women World Rapid 2024"]
[Site "New York"]
[Date "2024.12.27"]
[Round "5.17"]
[White "Ouellet, Maili-Jade"]
[Black "Dzagnidze, Nana"]
[Result "0-1"]
[ECO "E20"]
[WhiteElo "2386"]
[BlackElo "2518"]
[Annotator "ChessBase"]
[PlyCount "96"]
[EventDate "2024.12.14"]
[EventType "swiss"]
[EventCountry "USA"]
[SourceTitle "playchess.com"]
[Source "ChessBase"]
[SourceQuality "1"]
[TimeControl "900+10"]

1. d4 Nf6 2. c4 e6 3. Nc3 Bb4 4. f3 c5 5. d5 d6 6. e4 O-O 7. Nge2 b5 8. Nf4 e5 9. Nfe2 bxc4 10. Ng3 Nbd7 11. Be2 Rb8 12. O-O Ne8 13. Qc2 Bxc3 14. bxc3 f6 15. h4 Rf7 16. Bxc4 Qa5 17. f4 Nb6 18. Be2 Ba6 19. Bxa6 Qxa6 20. a4 Qc4 21. Nf5 Nd7 22. Rf3 Kh8 23. h5 a5 24. Bd2 Qb3 25. Qc1 c4 26. Be3 exf4 27. Bxf4 Qb6+ 28. Kh1 Ne5 29. Bxe5 dxe5 30. Qf1 Rc7 31. h6 gxh6 32. Nxh6 Qa6 33. Ng4 Kg7 34. Rg3 Kh8 35. Qf5 Rg7 36. Rf1 Qc8 37. Qf3 Qd8 38. Nh6 Rbb7 39. Nf5 Rg6 40. Rh3 Nd6 41. Nh4 Rh6 42. Qe3 Rh5 43. Kh2 Rg7 44. Rff3 Rg4 45. Rfg3 Rgxh4 46. Qf3 Nxe4 47. Rg4 Ng5 48. Rxg5 Rxh3+ 0-1

[Event "FIDE Women World Rapid 2024"]
[Site "New York"]
[Date "2024.12.27"]
[Round "5.17"]
[White "Charkhalashvili, Inga"]
[Black "Tsolakidou, Stavroula"]
[Result "0-1"]
[ECO "E90"]
[WhiteElo "2240"]
[BlackElo "2451"]
[Annotator "ChessBase"]
[PlyCount "110"]
[EventDate "2024.12.14"]
[EventType "swiss"]
[EventCountry "USA"]
[SourceTitle "playchess.com"]
[Source "ChessBase"]
[SourceQuality "1"]
[TimeControl "900+10"]

1. d4 Nf6 2. c4 g6 3. Nf3 Bg7 4. Nc3 O-O 5. e4 d6 6. h3 e5 7. d5 Nh5 8. Be3 Na6 9. Qc2 f5 10. a3 Nf6 11. O-O-O f4 12. Bd2 Nc5 13. b4 Ncxe4 14. Nxe4 Nxe4 15. Qxe4 Bf5 16. Qe1 e4 17. Bc3 exf3 18. gxf3 Qd7 19. Bd3 b5 20. Bxf5 Rxf5 21. cxb5 Re8 22. Qd2 Qxb5 23. Bxg7 Kxg7 24. Qc3+ Kg8 25. Rhe1 Rfe5 26. Rxe5 Rxe5 27. Qxc7 Re2 28. Qc8+ Kf7 29. Qc7+ Re7 30. Qc3 Qe2 31. Rd2 Qf1+ 32. Kb2 Qxh3 33. Qh8 Qh5 34. Rd4 g5 35. Re4 Qg6 36. Rxe7+ Kxe7 37. Qc8 Qf6+ 38. Kb3 Qe5 39. Qc7+ Kf6 40. Qd8+ Kg7 41. Qd7+ Kg6 42. Qb5 h5 43. Qd3+ Kh6 44. Kc4 h4 45. b5 h3 46. Qf1 g4 47. fxg4 Qe4+ 48. Kb3 Qf3+ 49. Kb4 h2 50. Qa1 Qe4+ 51. Ka5 Kg6 52. g5 h1=Q 53. Qf6+ Kh5 54. Qf7+ Kg4 55. Qd7+ Kf3 0-1

[Event "FIDE Women World Rapid 2024"]
[Site "New York"]
[Date "2024.12.27"]
[Round "5.18"]
[White "Javakhishvili, Lela"]
[Black "Lyutsinger, Iren"]
[Result "1-0"]
[ECO "A08"]
[WhiteElo "2426"]
[BlackElo "2150"]
[Annotator "ChessBase"]
[PlyCount "85"]
[EventDate "2024.12.14"]
[EventType "swiss"]
[EventCountry "USA"]
[SourceTitle "playchess.com"]
[Source "ChessBase"]
[SourceQuality "1"]
[TimeControl "900+10"]

1. Nf3 Nf6 2. b3 d5 3. Bb2 c5 4. g3 Nc6 5. Bg2 Qc7 6. O-O e5 7. d3 Bd6 8. Nc3 a6 9. e4 d4 10. Ne2 b5 11. Nh4 Rb8 12. Bc1 c4 13. Nf5 Bxf5 14. exf5 Ne7 15. f4 O-O 16. Kh1 Rfe8 17. fxe5 Bxe5 18. Bg5 Qd7 19. bxc4 bxc4 20. dxc4 Nxf5 21. Qd3 Ne3 22. Bxf6 Bxf6 23. Rf3 Qc6 24. Rxe3 Qxg2+ 25. Kxg2 Rxe3 26. Qd2 Rbe8 27. Nxd4 R3e4 28. c3 Bxd4 29. cxd4 Re2+ 30. Qxe2 Rxe2+ 31. Kf3 Rc2 32. c5 Kf8 33. h4 Ke7 34. Ke4 Ke6 35. Rb1 f5+ 36. Kd3 Rxa2 37. Rb6+ Ke7 38. Rb7+ Kf6 39. c6 Ke6 40. d5+ Kxd5 41. c7 Ra3+ 42. Kc2 Ra2+ 43. Kb1 1-0

[Event "FIDE Women World Rapid 2024"]
[Site "New York"]
[Date "2024.12.27"]
[Round "5.18"]
[White "Sukandar, Irine Kharisma"]
[Black "Fataliyeva, Ulviyya"]
[Result "1-0"]
[ECO "C50"]
[WhiteElo "2330"]
[BlackElo "2381"]
[Annotator "ChessBase"]
[PlyCount "79"]
[EventDate "2024.12.14"]
[EventType "swiss"]
[EventCountry "USA"]
[SourceTitle "playchess.com"]
[Source "ChessBase"]
[SourceQuality "1"]
[TimeControl "900+10"]

1. e4 e5 2. Nf3 Nc6 3. Bc4 Nf6 4. d3 Bc5 5. a4 d6 6. O-O O-O 7. Be3 Bxe3 8. fxe3 Ne7 9. Nh4 c6 10. Bb3 d5 11. Nd2 Ng4 12. Qf3 f5 13. h3 Nh6 14. Qg3 Qc7 15. Rf2 Bd7 16. Raf1 Kh8 17. Qg5 Neg8 18. exf5 Nf6 19. e4 Qb6 20. Nhf3 Nf7 21. Qh4 Rae8 22. Kh1 Nd6 23. Re2 Bxf5 24. exf5 Nxf5 25. Qg5 Nh5 26. Kh2 Nhg3 27. Rfe1 Nxe2 28. Rxe2 Qc7 29. Kg1 e4 30. dxe4 Ng3 31. Re1 dxe4 32. Nd4 Qb6 33. Qe3 Nh5 34. Ne6 Qxe3+ 35. Rxe3 Rf6 36. Rxe4 Ng3 37. Re5 h6 38. Nf3 Nf5 39. Re1 Kh7 40. Neg5+ 1-0

[Event "FIDE Women World Rapid 2024"]
[Site "New York"]
[Date "2024.12.27"]
[Round "5.19"]
[White "Kurmangaliyeva, Liya"]
[Black "Vantika Agrawal"]
[Result "0-1"]
[ECO "C18"]
[WhiteElo "2266"]
[BlackElo "2392"]
[Annotator "ChessBase"]
[PlyCount "148"]
[EventDate "2024.12.14"]
[EventType "swiss"]
[EventCountry "USA"]
[SourceTitle "playchess.com"]
[Source "ChessBase"]
[SourceQuality "1"]
[TimeControl "900+10"]

1. e4 e6 2. d4 d5 3. Nc3 Bb4 4. e5 c5 5. a3 Bxc3+ 6. bxc3 Qc7 7. h4 Ne7 8. Rh3 b6 9. h5 h6 10. a4 Ba6 11. Bb5+ Bxb5 12. axb5 a5 13. Qg4 Rg8 14. Ne2 Nd7 15. Ba3 O-O-O 16. Rf3 Nf5 17. Qf4 g5 18. Qg4 f6 19. Ng3 Nh4 20. Qxe6 Nxf3+ 21. gxf3 Rge8 22. Qxd5 Nxe5 23. Qa8+ Kd7 24. Qd5+ Ke7 25. Qe4 Kf8 26. Kf1 Nc4 27. Qf5 Qf7 28. dxc5 Rd5 29. Qg4 Nxa3 30. Rxa3 f5 31. Qa4 Rxc5 32. Kg2 Rc4 33. Qb3 g4 34. fxg4 fxg4 35. Ra1 Rf4 36. Qa3+ Kg8 37. Rf1 Rf8 38. Nh1 Qd5+ 39. Kg1 a4 40. Qe7 Qf7 41. Qd6 Rf6 42. Qd4 Qxh5 43. Qxa4 Qg6 44. Qc4+ Kh7 45. Re1 g3 46. fxg3 Qxc2 47. Qd4 Qg6 48. Kg2 R8f7 49. Re2 Rd6 50. Qc4 Qf5 51. Rf2 Qd5+ 52. Qxd5 Rxf2+ 53. Nxf2 Rxd5 54. Kf3 Rxb5 55. Ke3 Kg6 56. Ne4 h5 57. Kd4 Rb1 58. Ke5 Rf1 59. Ke6 Rf8 60. Ke5 Rf5+ 61. Ke6 Ra5 62. c4 Ra4 63. Nd6 Ra3 64. Ne4 Ra5 65. Nd6 Kg5 66. Kd7 Kg4 67. Kc6 Kxg3 68. Kxb6 Ra1 69. c5 Rb1+ 70. Kc7 Kf4 71. c6 h4 72. Kd7 Rc1 73. Nb5 h3 74. Nd4 Rd1 0-1